| TOP OF THE 1ST |
|
San Francisco Giants batting - Pitching for Atlanta Braves : RHP Gary Carter
|
|
Pitching: RHP Gary Carter
|
|
|
Batting: LHB Ken Griffey Sr
|
0-0: Ball 1-0: Ball 2-0: Ground out 1-3 (Groundball, 34S, EV 70.6 MPH)
|
|
Batting: RHB Kevin Howard
|
0-0: Ball 1-0: Ball 2-0: Swinging Strike 2-1: Ball 3-1: Called Strike 3-2: SOLO HOME RUN (Flyball, 89XD, EV 105.0 MPH), Distance : 417 ft
|
|
Batting: LHB Keith Hernandez
|
0-0: Ball 1-0: Ground out 5-3 (Groundball, 5, EV 104.4 MPH)
|
|
Batting: RHB Phil Bailey
|
0-0: Ball 1-0: Foul Ball, location: 2F 1-1: Ball 2-1: Fly out, F7 (Flyball, 7LS, EV 92.5 MPH)
|
| Top of the 1st over - 1 run, 1 hit, 0 errors, 0 left on base; San Francisco 1 - Atlanta 0 |
| BOTTOM OF THE 1ST |
|
Atlanta Braves batting - Pitching for San Francisco Giants : LHP Floyd Bannister
|
|
Pitching: LHP Floyd Bannister
|
|
|
Batting: RHB Gil Flores
|
0-0: Ball 1-0: Foul Ball, location: 2F 1-1: Ball 2-1: SINGLE (Line Drive, 7LS, EV 101.3 MPH)
|
|
Batting: LHB Joe L Morgan
|
0-0: Ball 1-0: Swinging Strike 1-1: Grounds into double play, 5-4-3 (Groundball, 56, EV 102.5 MPH)
|
|
Batting: SHB Tony Fernandez
|
0-0: Called Strike 0-1: Ground out 4-3 (Groundball, 4, EV 107.5 MPH)
|
| Bottom of the 1st over - 0 runs, 1 hit, 0 errors, 0 left on base; San Francisco 1 - Atlanta 0 |
| TOP OF THE 2ND |
|
San Francisco Giants batting - Pitching for Atlanta Braves : RHP Gary Carter
|
|
Batting: SHB Larry Reynolds
|
0-0: Fly out, F5 (Popup, 25, EV 83.1 MPH)
|
|
Batting: SHB Tyler O'Dell
|
0-0: Ball 1-0: SINGLE (Groundball, 4MD, EV 96.9 MPH)
|
|
Batting: LHB James Durrman
|
0-0: Swinging Strike 0-1: Ball 1-1: Ball 2-1: Swinging Strike 2-2: Strikes out swinging
|
|
Batting: SHB Larry Milbourne
|
0-0: Ball Tyler O'Dell is caught stealing 2nd base 2-6
|
| Top of the 2nd over - 0 runs, 1 hit, 0 errors, 0 left on base; San Francisco 1 - Atlanta 0 |
| BOTTOM OF THE 2ND |
|
Atlanta Braves batting - Pitching for San Francisco Giants : LHP Floyd Bannister
|
|
Batting: LHB Karl Pagel
|
0-0: Ball 1-0: Ball 2-0: Ball 3-0: Base on Balls
|
|
Batting: LHB Mike Scioscia
|
0-0: Ball 1-0: Ball Wild Pitch! Karl Pagel to second 2-0: Foul Ball, location: 2F 2-1: Foul Ball, location: 2F 2-2: Fly out, F5 (Popup, 5SF, EV 85.0 MPH)
|
|
Batting: RHB Craig Kusick
|
0-0: Called Strike 0-1: Swinging Strike 0-2: Strikes out swinging
|
|
Batting: LHB Mike Hargrove
|
0-0: Ball 1-0: Called Strike 1-1: Ball 2-1: Ball 3-1: Foul Ball, location: 2F 3-2: Fly out, F7 (Flyball, 78D, EV 80.0 MPH)
|
| Bottom of the 2nd over - 0 runs, 0 hits, 0 errors, 1 left on base; San Francisco 1 - Atlanta 0 |
| TOP OF THE 3RD |
|
San Francisco Giants batting - Pitching for Atlanta Braves : RHP Gary Carter
|
|
Batting: SHB Larry Milbourne
|
0-0: Ball 1-0: Ball 2-0: Ball 3-0: Called Strike 3-1: Ground out 4-3 (Groundball, 4, EV 109.4 MPH)
|
|
Batting: LHB Floyd Bannister
|
0-0: Ground out 5-3 (Groundball, 5, EV 83.8 MPH)
|
|
Batting: LHB Ken Griffey Sr
|
0-0: SINGLE (Flyball, 5D, EV 87.5 MPH)
|
|
Batting: RHB Kevin Howard
|
0-0: Called Strike 0-1: Ball 1-1: Ball Wild Pitch! Ken Griffey Sr to second 2-1: Ball 3-1: Ground out 5-3 (Groundball, 5, EV 83.8 MPH)
|
| Top of the 3rd over - 0 runs, 1 hit, 0 errors, 1 left on base; San Francisco 1 - Atlanta 0 |
| BOTTOM OF THE 3RD |
|
Atlanta Braves batting - Pitching for San Francisco Giants : LHP Floyd Bannister
|
|
Batting: LHB Brent Hillenga
|
0-0: Foul Ball, location: 2F 0-1: Ball 1-1: Swinging Strike 1-2: Strikes out swinging
|
|
Batting: LHB Gary Carter
|
0-0: Ball 1-0: Swinging Strike 1-1: Swinging Strike 1-2: Strikes out swinging
|
|
Batting: RHB Gil Flores
|
0-0: SINGLE (Line Drive, 78M, EV 108.1 MPH)
|
|
Batting: LHB Joe L Morgan
|
0-0: Ball 1-0: DOUBLE (Groundball, 3L, EV 104.4 MPH) Gil Flores to third Runner from 3rd tries for Home, SAFE, throw by RF to home
|
|
Batting: SHB Tony Fernandez
|
0-0: Ball 1-0: Ball 2-0: Called Strike 2-1: Ground out 6-3 (Groundball, 6, EV 105.0 MPH)
|
| Bottom of the 3rd over - 1 run, 2 hits, 0 errors, 1 left on base; San Francisco 1 - Atlanta 1 |
| TOP OF THE 4TH |
|
San Francisco Giants batting - Pitching for Atlanta Braves : RHP Gary Carter
|
|
Batting: LHB Keith Hernandez
|
0-0: Ball 1-0: Ball 2-0: Foul Ball, location: 2F 2-1: Foul Ball, location: 2F 2-2: Strikes out swinging
|
|
Batting: RHB Phil Bailey
|
0-0: Called Strike 0-1: Called Strike 0-2: Foul Ball, location: 2F 0-2: Foul Ball, location: 2F 0-2: Ball 1-2: Ground out 4-3 (Groundball, 4, EV 101.3 MPH)
|
|
Batting: SHB Larry Reynolds
|
0-0: Swinging Strike 0-1: Ball 1-1: Ball 2-1: Foul Ball, location: 2F 2-2: Strikes out swinging
|
| Top of the 4th over - 0 runs, 0 hits, 0 errors, 0 left on base; San Francisco 1 - Atlanta 1 |
| BOTTOM OF THE 4TH |
|
Atlanta Braves batting - Pitching for San Francisco Giants : LHP Floyd Bannister
|
|
Batting: LHB Karl Pagel
|
0-0: Called Strike 0-1: Swinging Strike 0-2: Ball 1-2: Foul Ball, location: 2F 1-2: Strikes out swinging
|
|
Batting: LHB Mike Scioscia
|
0-0: Ball 1-0: Called Strike 1-1: SINGLE (Groundball, 4MD, EV 106.9 MPH)
|
|
Batting: RHB Craig Kusick
|
0-0: Ball 1-0: Ball 2-0: Ball 3-0: Called Strike 3-1: Called Strike 3-2: Ground out 5-3 (Groundball, 15, EV 86.9 MPH) Mike Scioscia to second
|
|
Batting: LHB Mike Hargrove
|
0-0: Ball 1-0: Ball 2-0: Ball 3-0: Base on Balls
|
|
Batting: LHB Brent Hillenga
|
0-0: SINGLE (Groundball, 6, EV 88.1 MPH) (infield hit) Mike Scioscia to third Mike Hargrove to second
|
|
Batting: LHB Gary Carter
|
0-0: Called Strike 0-1: Ball 1-1: Ball 2-1: Ball 3-1: Foul Ball, location: 2F 3-2: Strikes out looking
|
| Bottom of the 4th over - 0 runs, 2 hits, 0 errors, 3 left on base; San Francisco 1 - Atlanta 1 |
| TOP OF THE 5TH |
|
San Francisco Giants batting - Pitching for Atlanta Braves : RHP Gary Carter
|
|
Batting: SHB Tyler O'Dell
|
0-0: Ball 1-0: SINGLE (Line Drive, 8LS, EV 90.0 MPH)
|
|
Batting: LHB James Durrman
|
0-0: Called Strike 0-1: Ball 1-1: Foul Ball, location: 2F 1-2: Ball 2-2: Ball 3-2: Strikes out looking
|
|
Batting: SHB Larry Milbourne
|
0-0: Called Strike 0-1: Ball 1-1: Ball 2-1: SINGLE (Groundball, 25, EV 75.0 MPH) (infield hit) Tyler O'Dell to second
|
|
Batting: LHB Floyd Bannister
|
0-0: Sac Bunt to 5S - play at first, batter OUT! 5-4 Tyler O'Dell to third Larry Milbourne to second
|
|
Batting: LHB Ken Griffey Sr
|
0-0: Intentional Walk
|
|
Batting: RHB Kevin Howard
|
0-0: Fly out, F9 (Line Drive, 9D, EV 88.8 MPH)
|
| Top of the 5th over - 0 runs, 2 hits, 0 errors, 3 left on base; San Francisco 1 - Atlanta 1 |
| BOTTOM OF THE 5TH |
|
Atlanta Braves batting - Pitching for San Francisco Giants : LHP Floyd Bannister
|
|
Batting: RHB Gil Flores
|
0-0: Called Strike 0-1: Ball 1-1: Foul Ball, location: 2F 1-2: Ball 2-2: Ball 3-2: Foul Ball, location: 2F 3-2: SINGLE (Line Drive, 6MD, EV 98.8 MPH)
|
|
Batting: LHB Joe L Morgan
|
0-0: Ball 1-0: Foul Ball, location: 2F 1-1: Foul Ball, location: 2F 1-2: Ball 2-2: Reached on error, E4 (Groundball, 4, EV 78.8 MPH) Gil Flores to second
|
|
Batting: SHB Tony Fernandez
|
0-0: Ball 1-0: Fielders Choice at 2nd, 1-4 (Groundball, P, EV 70.6 MPH) Gil Flores to third
|
|
Batting: LHB Karl Pagel
|
0-0: Called Strike 0-1: Swinging Strike 0-2: Ball 1-2: Strikes out looking
|
|
Batting: LHB Mike Scioscia
|
0-0: Called Strike 0-1: SINGLE (Flyball, 78S, EV 90.6 MPH) Gil Flores scores Tony Fernandez to second Runner from 2nd tries for 3rd, SAFE, throw by LF made to third
|
|
Batting: RHB Craig Kusick
|
0-0: Ball 1-0: Foul Ball, location: 2F 1-1: Ball 2-1: Called Strike 2-2: Ball 3-2: Foul Ball, location: 2F 3-2: Base on Balls Mike Scioscia to second
|
|
Batting: LHB Mike Hargrove
|
0-0: Swinging Strike 0-1: Foul Ball, location: 2F 0-2: Ball 1-2: Strikes out swinging
|
| Bottom of the 5th over - 1 run, 2 hits, 1 error, 3 left on base; San Francisco 1 - Atlanta 2 |
| TOP OF THE 6TH |
|
San Francisco Giants batting - Pitching for Atlanta Braves : RHP Gary Carter
|
|
Batting: LHB Keith Hernandez
|
0-0: Called Strike 0-1: Fly out, F8 (Flyball, 8LD, EV 100.6 MPH)
|
|
Batting: RHB Phil Bailey
|
0-0: Fly out, F8 (Flyball, 78M, EV 82.5 MPH)
|
|
Batting: SHB Larry Reynolds
|
0-0: Ball 1-0: Foul Ball, location: 2F 1-1: Fly out, F4 (Flyball, 3D, EV 92.5 MPH)
|
| Top of the 6th over - 0 runs, 0 hits, 0 errors, 0 left on base; San Francisco 1 - Atlanta 2 |
| BOTTOM OF THE 6TH |
|
Atlanta Braves batting - Pitching for San Francisco Giants : LHP Floyd Bannister
|
|
Batting: LHB Brent Hillenga
|
0-0: Foul Ball, location: 2F 0-1: Foul Ball, location: 2F 0-2: Ball 1-2: Fly out, F7 (Flyball, 7, EV 85.6 MPH)
|
|
Pinch Hitting: RHB Guy Sularz
|
0-0: Called Strike 0-1: Foul Ball, location: 2F 0-2: Ball 1-2: Foul Ball, location: 2F 1-2: Ground out 5-3 (Groundball, 56, EV 109.4 MPH)
|
|
Batting: RHB Gil Flores
|
0-0: Ball 1-0: Called Strike 1-1: Ground out 4-3 (Groundball, 4M, EV 88.8 MPH)
|
| Bottom of the 6th over - 0 runs, 0 hits, 0 errors, 0 left on base; San Francisco 1 - Atlanta 2 |
| TOP OF THE 7TH |
|
San Francisco Giants batting - Pitching for Atlanta Braves : RHP Gary Carter
|
|
Pitching: RHP Charlie Lea
|
|
|
Batting: SHB Tyler O'Dell
|
0-0: Foul Ball, location: 2F 0-1: Foul Ball, location: 2F 0-2: Ball 1-2: Fly out, F8 (Flyball, 8LD, EV 100.0 MPH)
|
|
Batting: LHB James Durrman
|
0-0: Ball 1-0: Called Strike 1-1: Ball 2-1: Ground out 6-3 (Groundball, 4MD, EV 78.8 MPH)
|
|
Batting: SHB Larry Milbourne
|
0-0: SINGLE (Groundball, 4MD, EV 105.0 MPH)
|
|
Batting: LHB Floyd Bannister
|
0-0: Ball 1-0: Foul Ball, location: 2F 1-1: Called Strike 1-2: Strikes out swinging
|
| Top of the 7th over - 0 runs, 1 hit, 0 errors, 1 left on base; San Francisco 1 - Atlanta 2 |
| BOTTOM OF THE 7TH |
|
Atlanta Braves batting - Pitching for San Francisco Giants : LHP Floyd Bannister
|
|
Batting: LHB Joe L Morgan
|
0-0: Foul Ball, location: 2F 0-1: Foul Ball, location: 2F 0-2: Ground out U3 (Groundball, 3, EV 86.3 MPH)
|
|
Batting: SHB Tony Fernandez
|
0-0: Called Strike 0-1: Foul Ball, location: 2F 0-2: Foul Ball, location: 2F 0-2: Ball 1-2: Ball 2-2: Ball 3-2: SINGLE (Groundball, 6D, EV 110.6 MPH)
|
|
Pitching: RHP Dan O'Brien
|
|
|
Batting: LHB Karl Pagel
|
0-0: Ball 1-0: Called Strike Tony Fernandez steals 2nd base 1-1: Foul Ball, location: 2F 1-2: Ball 2-2: Fly out, F7 (Flyball, 78S, EV 78.1 MPH)
|
|
Batting: LHB Mike Scioscia
|
0-0: Fly out, F5 (Popup, 56, EV 60.6 MPH)
|
| Bottom of the 7th over - 0 runs, 1 hit, 0 errors, 1 left on base; San Francisco 1 - Atlanta 2 |
| TOP OF THE 8TH |
|
San Francisco Giants batting - Pitching for Atlanta Braves : RHP Charlie Lea
|
|
Batting: LHB Ken Griffey Sr
|
0-0: Called Strike 0-1: Ball 1-1: Called Strike 1-2: Ball 2-2: Ground out 5-3 (Groundball, 5L, EV 102.5 MPH)
|
|
Batting: RHB Kevin Howard
|
0-0: Swinging Strike 0-1: DOUBLE (Line Drive, 7LS, EV 110.6 MPH)
|
|
Batting: LHB Keith Hernandez
|
0-0: Foul Ball, location: 2F 0-1: Called Strike 0-2: Strikes out swinging
|
|
Batting: RHB Phil Bailey
|
0-0: Called Strike 0-1: Ball 1-1: Ball 2-1: Ball 3-1: Called Strike 3-2: Strikes out swinging
|
| Top of the 8th over - 0 runs, 1 hit, 0 errors, 1 left on base; San Francisco 1 - Atlanta 2 |
| BOTTOM OF THE 8TH |
|
Atlanta Braves batting - Pitching for San Francisco Giants : RHP Dan O'Brien
|
|
Batting: RHB Craig Kusick
|
0-0: Ball 1-0: Called Strike 1-1: Ball 2-1: SINGLE (Groundball, 13S, EV 65.0 MPH) (infield hit)
|
|
Pinch Runner at 1st UL Washington:
|
|
|
Batting: LHB Mike Hargrove
|
0-0: Called Strike UL Washington steals 2nd base 0-1: Ground out 4-3 (Groundball, 4, EV 108.8 MPH) UL Washington to third
|
|
Batting: LHB Brent Hillenga
|
0-0: Swinging Strike 0-1: Swinging Strike 0-2: Ball 1-2: Fly out, F4 (Popup, 13S, EV 83.1 MPH)
|
|
Batting: RHB Charlie Lea
|
0-0: Ball 1-0: Called Strike 1-1: Called Strike 1-2: Foul Ball, location: 2F 1-2: Strikes out swinging
|
| Bottom of the 8th over - 0 runs, 1 hit, 0 errors, 1 left on base; San Francisco 1 - Atlanta 2 |
| TOP OF THE 9TH |
|
San Francisco Giants batting - Pitching for Atlanta Braves : RHP Charlie Lea
|
|
Now at 1B: Tom Veryzer
|
|
|
Now at 2B: UL Washington
|
|
|
Now in LF: Matt Winters
|
|
|
Now in RF: Bobby Murcer
|
|
|
Batting: SHB Larry Reynolds
|
0-0: Foul Ball, location: 2F 0-1: SINGLE (Flyball, 89S, EV 99.4 MPH)
|
|
Batting: SHB Tyler O'Dell
|
0-0: Called Strike 0-1: Foul Ball, location: 2F 0-2: Foul Ball, location: 2F 0-2: Ball 1-2: SINGLE (Line Drive, 3L, EV 101.3 MPH) Larry Reynolds to second
|
|
Pinch Hitting: LHB Kevin Christensen
|
0-0: Sac Bunt to 13 - play at first, batter OUT! 1-4 Larry Reynolds to third Tyler O'Dell to second
|
|
Batting: SHB Larry Milbourne
|
0-0: Foul Ball, location: 2F 0-1: Ball 1-1: Swinging Strike 1-2: Ground out 6-3 (Groundball, 6, EV 96.3 MPH)
|
|
Pinch Hitting: RHB Don Slaught
|
0-0: Ball 1-0: Swinging Strike 1-1: Ball 2-1: Called Strike 2-2: Ball 3-2: Fly out, F9 (Flyball, 89D, EV 91.9 MPH)
|
| Top of the 9th over - 0 runs, 2 hits, 0 errors, 2 left on base; San Francisco 1 - Atlanta 2 |
|